 Dungeon Crawl Stone Soup version 0.17.1-1-g73c8601 (webtiles) character file.

3013 Rationalist the Protected (level 9, -3/72 HPs)
             Began as a Demonspawn Berserker on Dec 21, 2015.
             Was an Elder of Trog.
             Slain by an orc warrior
             ... wielding a +0 short sword
              (19 damage)
             ... on level 8 of the Dungeon.
             The game lasted 00:16:08 (8661 turns).

Rationalist the Protected (Demonspawn Berserker)    Turns: 8661, Time: 00:16:09

Health: -3/72      AC: 15    Str: 17    XL:     9   Next: 55%
Magic:  0/9        EV:  7    Int:  9    God:    Trog [****..]
Gold:   236        SH:  0    Dex: 16    Spells: 0 memorised, 8 levels left

rFire  . . .     SeeInvis .     a - +0 hand axe
rCold  . . .     Clarity  .     d - +0 plate armour {rN+}
rNeg   + . .     SustAt   .     (no shield)
rPois  +         Gourm    .     (no helmet)
rElec  .         Spirit   +     (no cloak)
rCorr  .         Warding  .     (no gloves)
rMut   .         Stasis   .     (no boots)
MR     .....                    (no amulet)
Stlth  ..........               m - ring of poison resistance
                                x - ring of flight (curse)

@: not resistant to hostile enchantments, extremely unstealthy
A: icy blue scales 1, blink, demonic guardian 2, screaming 1, magic shield
a: Blink, Berserk, Trog's Hand, Brothers in Arms, Burn Spellbooks, Renounce
Religion, Evoke Flight


You were on level 8 of the Dungeon.
You worshipped Trog.
Trog was greatly pleased with you.
You were not hungry.

You visited 1 branch of the dungeon, and saw 8 of its levels.

You collected 440 gold pieces.
You spent 204 gold pieces at shops.

Inventory:

Hand Weapons
 a - a +0 hand axe (weapon)
 N - a cursed -1 battleaxe
Missiles
 b - 16 sling bullets
 s - 58 bolts
Armour
 d - a +0 plate armour of positive energy (worn)
 H - a +2 robe of cold resistance
Jewellery
 m - a ring of poison resistance (right hand)
 x - a cursed ring of flight (left hand)
 J - an uncursed amulet of faith {unknown}
Wands
 y - a wand of disintegration (13)
 C - a wand of confusion (36)
 I - a wand of fire (11)
 L - a wand of hasting (6)
Scrolls
 j - a scroll of random uselessness {unknown}
 k - 2 scrolls of noise {unknown}
 o - 3 scrolls of teleportation
 p - 2 scrolls of fog
 q - 7 scrolls of remove curse {unknown}
 t - a scroll of blinking {unknown}
 u - a scroll of immolation {unknown}
 D - 2 scrolls of enchant weapon {unknown}
 F - 2 scrolls of amnesia {unknown}
 M - a scroll of brand weapon {unknown}
Potions
 e - 2 potions of resistance
 l - a potion of heal wounds {unknown}
 n - 2 potions of curing {unknown}
 r - 2 potions of lignification
 v - 2 potions of invisibility {unknown}
 w - a potion of haste
 A - a potion of magic
 E - a potion of agility
 G - a potion of berserk rage {unknown}
Books
 i - a Young Poisoner's Handbook

   Spells                             Type                      Level
   a - Sting                          Conjuration/Poison           1
   b - Cure Poison                    Poison                       2
   c - Mephitic Cloud                 Conjuration/Poison/Air       3
   d - Olgreb's Toxic Radiance        Poison                       4
   e - Venom Bolt                     Conjuration/Poison           5
   Trog disapproves of the use of such an item.
 K - a book of Fire

   Spells                             Type                      Level
   a - Ignite Poison                  Fire/Transmutation/Poison    3
   b - Fireball                       Conjuration/Fire             5
   c - Bolt of Fire                   Conjuration/Fire             6
   d - Delayed Fireball               Conjuration/Fire             7
   e - Ring of Flames                 Charms/Fire                  7
   Trog disapproves of the use of such an item.
Comestibles
 c - 8 bread rations
 f - 7 chunks of flesh
 g - 4 meat rations
 h - a royal jelly
 B - 8 slices of pizza


   Skills:
 * Level 7.2 Fighting
 + Level 6.0 Axes
 * Level 9.1 Armour
 + Level 3.1 Dodging


You had 8 spell levels left.
You didn't know any spells.

Dungeon Overview and Level Annotations

Branches:
Dungeon (8/15)             Temple (0/1) D:5
   Lair: D:8-11

Altars:
Fedhas
Kikubaaqudgha
Makhleb
Nemelex Xobeh
Sif Muna
Trog

Shops:
D:6 *


Innate Abilities, Weirdness & Mutations

You are partially covered in icy blue scales (AC +1).
A demonic guardian rushes to your aid.
When hurt, damage is shared between your health and your magic reserves.
You can translocate small distances at will.
You occasionally shout uncontrollably at your foes.


Message History

Your Axes skill increases to level 6!
You feel a bit more experienced.
You hit the orc warrior.
The orc warrior is lightly wounded.
You hit the orc.
The orc is almost dead.
The orc barely misses you.
The orc warrior evokes its amulet.
The orc warrior goes berserk!
The orc warrior hits you but does no damage.
Things that are here:
a dagger; a robe You hit the orc warrior but do no damage.
The orc warrior is lightly wounded.
You hit the orc but do no damage.
The orc is severely wounded.
The orc warrior hits you with a short sword!!
* * * LOW HITPOINT WARNING * * *
The orc hits you with a flail.
* * * LOW HITPOINT WARNING * * *
The orc warrior hits you with a short sword!!
You die...

### ≈≈# #≈ #≈# # ####≈ #≈# .#
....≈#+#≈#######.#
....≈≈.≈≈....o...#.###
........##...@........
........##>..o................
........#############.........
........# #................
........# #................
<.......# #................
........######................
............[.................
.......).#####................


You could see an orc warrior (berserk) and an orc.

Vanquished Creatures
  An ogre (D:6)
  A black bear (D:8)
  A phantom (D:6)
  3 centaurs
  A killer bee (D:7)
  5 wights (D:7)
  5 hounds
  2 crimson imps
  2 orc priests
  2 jellies
  2 giant frog zombies
  6 orc wizards
  An iguana (D:5)
  10 worker ants
  9 adders
  6 gnolls
  A worker ant zombie (D:5)
  A shadow imp (D:5)
  3 oozes
  5 worms
  7 giant geckos
  23 orcs
  A ball python (D:5)
  6 bats
  12 hobgoblins
  3 giant cockroaches
  A giant cockroach zombie (D:5)
  7 giant newts
  11 goblins
  6 jackals
  9 kobolds
  5 rats
158 creatures vanquished.

Vanquished Creatures (collateral kills)
  Pikel (D:8)
  Prince Ribbit (D:7)
  Sigmund (D:6)
  2 yaks (D:7)
  A human (D:7)
  A hungry ghost (D:8)
  A slave (D:8)
  A phantom (D:5)
  An orc warrior (D:6)
  An ogre (D:7)
  2 centaurs (D:5)
  Blork the orc (D:6)
  A big kobold (D:8)
  5 killer bees (D:7)
  A hound (D:6)
  A crimson imp (D:5)
  2 orc wizards
  A giant frog zombie (D:5)
  2 sheep (D:7)
  A gnoll (D:3)
  An adder (D:8)
  4 orcs
  A goblin (D:3)
  A kobold (D:8)
  A giant newt (D:6)
36 creatures vanquished.

Vanquished Creatures (others)
  A slave (D:8)
  An orc (D:8)
  2 kobolds (D:8)
4 creatures vanquished.

Grand Total: 198 creatures vanquished

Notes
Turn   | Place    | Note
--------------------------------------------------------------
     0 | D:1      | Rationalist the Demonspawn Berserker began the quest for the Orb.
     0 | D:1      | Reached XP level 1. HP: 18/18 MP: 1/1
   416 | D:1      | Gained mutation: A weak demonic guardian rushes to your aid. [demonic ancestry]
   416 | D:1      | Reached XP level 2. HP: 18/24 MP: 2/2
   724 | D:1      | Reached ** piety under Trog
   821 | D:1      | Gained mutation: When hurt, damage is shared between your health and your magic reserves. [demonic ancestry]
   821 | D:1      | Reached XP level 3. HP: 24/29 MP: 3/3
  1307 | D:2      | Found an ancient bone altar of Kikubaaqudgha.
  1395 | D:2      | Reached XP level 4. HP: 30/37 MP: 4/4
  1709 | D:3      | Reached skill level 4 in Fighting
  1840 | D:3      | Found a sparkling altar of Nemelex Xobeh.
  1987 | D:3      | Reached *** piety under Trog
  2361 | D:3      | Reached XP level 5. HP: 39/42 MP: 5/5
  3243 | D:4      | Gained mutation: A demonic guardian rushes to your aid. [demonic ancestry]
  3243 | D:4      | Reached XP level 6. HP: 31/49 MP: 4/6
  3526 | D:4      | Reached **** piety under Trog
  3922 | D:3      | Found a deep blue altar of Sif Muna.
  4068 | D:5      | Entered Level 5 of the Dungeon
  4322 | D:5      | Reached skill level 5 in Fighting
  4559 | D:5      | Gained mutation: You have a pair of small horns on your head. [potion of mutation]
  4559 | D:5      | Gained mutation: Your flesh is heat resistant. [potion of mutation]
  4561 | D:5      | Reached XP level 7. HP: 45/56 MP: 4/7
  5182 | D:5      | Reached skill level 5 in Armour
  5193 | D:5      | Found a staircase to the Ecumenical Temple.
  5535 | D:6      | Noticed Blork the orc
  5541 | D:6      | Noticed Sigmund
  5550 | D:6      | Killed Blork the orc
  5554 | D:6      | Killed Sigmund
  5554 | D:6      | Reached skill level 5 in Axes
  5554 | D:6      | Gained mutation: You are partially covered in icy blue scales (AC +1). [demonic ancestry]
  5554 | D:6      | Reached XP level 8. HP: 53/63 MP: 4/8
  5806 | D:6      | Found Rosaun's Assorted Antiques.
  5813 | D:6      | Bought a cyan potion for 27 gold pieces
  5813 | D:6      | Bought a scroll of identify for 60 gold pieces
  5813 | D:6      | Bought a bubbling red potion for 27 gold pieces
  5813 | D:6      | Bought a scroll labeled ILU XIAS CIFUTT for 30 gold pieces
  5813 | D:6      | Bought a scroll labeled ILU XIAS CIFUTT for 30 gold pieces
  5813 | D:6      | Bought a scroll labeled RAPISE CIWI for 30 gold pieces
  5842 | D:6      | Gained mutation: You can translocate small distances at will. [potion of mutation]
  5842 | D:6      | Gained mutation: You are dopey. (Int -2) [potion of mutation]
  5842 | D:6      | Gained mutation: You occasionally shout uncontrollably at your foes. [potion of mutation]
  5843 | D:6      | Lost mutation: You are dopey. (Int -2) [potion of mutation]
  5844 | D:6      | Gained mutation: Your body sometimes deteriorates upon taking damage. [potion of mutation]
  5844 | D:6      | Gained mutation: You are weak. (Str -2) [potion of mutation]
  5844 | D:6      | Gained mutation: You are frail (-10% HP). [potion of mutation]
  5845 | D:6      | Gained mutation: Your magical capacity is low (-10% MP). [potion of mutation]
  5845 | D:6      | Lost mutation: Your magical capacity is low (-10% MP). [potion of mutation]
  5845 | D:6      | Gained mutation: You tend to lose your temper in combat. [potion of mutation]
  5852 | D:6      | Lost mutation: Your body sometimes deteriorates upon taking damage. [potion of cure mutation]
  5852 | D:6      | Lost mutation: You have a pair of small horns on your head. [potion of cure mutation]
  5852 | D:6      | Lost mutation: You tend to lose your temper in combat. [potion of cure mutation]
  5852 | D:6      | Lost mutation: You are weak. (Str -2) [potion of cure mutation]
  5852 | D:6      | Lost mutation: You are frail (-10% HP). [potion of cure mutation]
  5852 | D:6      | Lost mutation: Your flesh is heat resistant. [potion of cure mutation]
  5933 | D:6      | Reached skill level 6 in Armour
  7042 | D:7      | Reached skill level 7 in Armour
  7055 | D:7      | Noticed Prince Ribbit
  7062 | D:7      | Killed Prince Ribbit
  7263 | D:7      | Found a bloodstained altar of Trog.
  7697 | D:7      | Found a burning altar of Makhleb.
  7888 | D:7      | Reached XP level 9. HP: 71/71 MP: 9/9
  7902 | D:7      | Reached skill level 8 in Armour
  8501 | D:8      | Found a deep blue altar of Sif Muna.
  8548 | D:8      | Noticed Pikel
  8556 | D:8      | Killed Pikel
  8617 | D:8      | Reached skill level 9 in Armour
  8626 | D:8      | Found a blossoming altar of Fedhas.
  8661 | D:8      | Slain by an orc warrior

Action                   |  1- 3 |  4- 6 |  7- 9 || total
-------------------------+-------+-------+-------++-------
Melee: Hand axe          |   179 |   309 |   445 ||   933
Invok: Berserk           |       |     1 |     4 ||     5
       Brothers in Arms  |       |       |     3 ||     3
 Abil: Evoke Flight      |       |     1 |       ||     1
  Use: Scroll            |     1 |     4 |     3 ||     8
       Potion            |       |     3 |     7 ||    10
  Eat: Chunk             |     2 |    12 |    14 ||    28
       Fruit             |       |       |     3 ||     3
       Beef jerky        |       |       |     2 ||     2
